cohdb
Replays
Latest Replays
All Replays
Popular Replays
Top Player Replays
Match Explorer
How It Works
Community
CoH3 Stats
Reddit
Sign in to upload your games and track your stats! →
Sign in with Steam
Match 45708814
Unlisted
Match 45708814
Overview
Messages
Build Orders
End
Selects Airborne Battlegroup
Selects Heavy Machine Gun Paradrop
Heavy Machine Gun Paradrop
Engineer Squad
Construct Weapon Support Center
Heavy Machine Gun Paradrop
Mechanized Support Center
Selects Paratrooper Squad Paradrop
Paratrooper Squad Paradrop
Construct Medical Station
Paratrooper Squad Paradrop
Construct Motor Pool
M8 Greyhound Armored Car
Selects Recon Loiter
Selects Supply Drop
Supply Drop
.30 cal Machine Gun
Supply Drop
Recon Loiter
Construct Tank Depot
CAuMOH
K̳itsuné
Eilte
Ghost
0
0
Comments
sign in to comment!
No comments posted yet!